 Dungeon Crawl Stone Soup version 0.16.1-18-g436b03c (webtiles) character file.

200 lorenzova the Ruffian (level 5, 0/50 HPs)
             Began as a Troll Monk on May 5, 2015.
             Slain by Scuka's ghost (13 damage)
             ... on level 3 of the Dungeon.
             The game lasted 00:03:48 (2055 turns).

lorenzova the Ruffian (Troll Monk)                  Turns: 2055, Time: 00:03:48

Health: 0/50       AC:  5    Str: 20    XL:     5   Next: 48%
Magic:  2/2        EV: 10    Int:  6    God:
Gold:   177        SH:  0    Dex: 12    Spells: 0 memorised, 4 levels left

rFire  + . .     SeeInvis .       - Unarmed
rCold  . . .     Clarity  .     a - +0 robe
rNeg   . . .     SustAb   .     (shield restricted)
rPois  .         Gourm    +     (helmet restricted)
rElec  .         Spirit   .     (no cloak)
rCorr  .         Warding  .     (gloves unavailable)
rMut   .         Stasis   .     (boots unavailable)
MR     .....                    (no amulet)
Stlth  +.........               (no ring)
                                d - ring of protection from fire

@: not resistant to hostile enchantments, very unstealthy
A: unfitting armour, claws 3, fast metabolism 3, gourmand, regeneration 2,
shaggy fur 1, tough skin 2
a: no special abilities


You were on level 3 of the Dungeon.
You were very full.

You visited 1 branch of the dungeon, and saw 3 of its levels.

You collected 177 gold pieces.

Inventory:

Armour
 a - a +0 robe (worn)
Jewellery
 d - a ring of protection from fire (left claw)
Magical devices
 m - a wand of confusion (33)
Scrolls
 j - a scroll of amnesia {unknown}
 l - a scroll of teleportation {unknown}
 p - a scroll of noise {unknown}
 q - 2 scrolls of identify {unknown}
 r - a scroll of blinking {unknown}
Potions
 e - a potion of agility {unknown}
 f - 2 potions of might {unknown}
 g - a potion of cancellation {unknown}
 h - a potion of brilliance {unknown}
 k - 2 potions of restore abilities {unknown}
 o - a potion of poison {unknown}
 s - a potion of resistance {unknown}
Comestibles
 b - 2 meat rations
 c - 3 bread rations
 i - a slice of pizza
 n - a beef jerky


   Skills:
 - Level 2.4 Fighting
 - Level 2.4 Dodging
 - Level 1.1 Stealth
 + Level 6.8 Unarmed Combat


You had 4 spell levels left.
You didn't know any spells.

Dungeon Overview and Level Annotations

Branches:
Dungeon (3/15)

Altars:
Sif Muna
Zin

Annotations:
D:3 Scuka's ghost, average GrFi


Innate Abilities, Weirdness & Mutations

You are too large for most types of armour.
You have claws for hands.
Your metabolism is lightning-fast.
You like to eat raw meat.
You heal very quickly.
You are covered in fur (AC +1).
You have very tough skin (AC +2).


Message History

Scuka's ghost closely misses you.
You closely miss Scuka's ghost.
Scuka's ghost is heavily damaged.
Scuka's ghost hits you!
You scratch Scuka's ghost but do no damage.
Scuka's ghost is heavily damaged.
Scuka's ghost hits you!
You scratch Scuka's ghost.
Scuka's ghost is severely damaged.
Scuka's ghost hits you!
* * * LOW HITPOINT WARNING * * *
You are too injured to fight recklessly!
You are too injured to fight recklessly!
You are too injured to fight recklessly!
You are too injured to fight recklessly!
You are too injured to fight recklessly!
You claw Scuka's ghost!
Scuka's ghost is almost destroyed.
Scuka's ghost hits you!
You die...

#
#........##.###.###
# #........##.....#
# #.........#####.#
# ##.......######.#
#######.###........#
........# #.####.###
#######.# #.# #.#
...)..#.# #.# #W#
#####.#.. ..# #@# #
#.##########.# #
#............# #
#####..#####.# #
#......# ### #
#.#.#..# #
#.#.#..###### #
#.#.#[).....#
#####.#.#.#####.#


You could see Scuka's ghost.

Vanquished Creatures
  An orc priest (D:3)
  An orc wizard (D:3)
  3 adders
  4 worms
  3 giant geckos
  3 oozes
  7 orcs (D:3)
  2 giant cockroaches
  10 goblins
  10 hobgoblins
  3 quokkas (D:2)
  6 bats
  12 kobolds
  13 rats
78 creatures vanquished.

Notes
Turn   | Place    | Note
--------------------------------------------------------------
     0 | D:1      | lorenzova, the Troll Monk, began the quest for the Orb.
     0 | D:1      | Reached XP level 1. HP: 22/22 MP: 1/1
   226 | D:1      | Reached XP level 2. HP: 29/29 MP: 1/1
   596 | D:2      | Reached skill level 5 in Unarmed Combat
   597 | D:2      | Reached XP level 3. HP: 36/36 MP: 2/2
   992 | D:2      | Reached XP level 4. HP: 44/44 MP: 2/2
  1432 | D:3      | Found a deep blue altar of Sif Muna.
  1644 | D:3      | Noticed Scuka's ghost (average GrFi)
  1696 | D:3      | Reached skill level 6 in Unarmed Combat
  1810 | D:3      | Found a glowing silver altar of Zin.
  1989 | D:3      | Reached XP level 5. HP: 46/50 MP: 2/2
  2055 | D:3      | Slain by Scuka's ghost

Action                   |  1- 3 |  4- 6 || total
-------------------------+-------+-------++-------
Melee: Unarmed           |   100 |    95 ||   195
 Stab: Sleeping          |     2 |     1 ||     3
  Eat: Chunk             |     9 |    14 ||    23
